cohdb
Replays
Latest Replays
All Replays
Popular Replays
Top Player Replays
Match Explorer
How It Works
Community
CoH3 Stats
Reddit
Sign in to upload your games and track your stats! →
Sign in with Steam
Match 44867776
Unlisted
Match 44867776
Overview
Messages
Build Orders
End
Construct Section Command Post
Vickers Machine Gun Team
Selects Indian Artillery Battlegroup
Dingo Light Scout Car
Infantry Section
Selects Towed ML 4.2-inch Heavy Mortar
Infantry Section
Towed ML 4.2-inch Heavy Mortar
Royal Engineer Section
Selects Valour
Construct Platoon Command Post
6-pounder Anti-tank Gun Team
6-pounder Anti-tank Gun Team
Selects Off-map Airburst Barrage
Off-map Airburst Barrage
Humber Armored Car
Forward Retreat Point
Construct Company Command Post
Selects Gurkha Rifles Section
Off-map Airburst Barrage
Matilda II Heavy Tank
Peeka Senpai
admiral_gnar
prove0512
SirFotsirk
flexelek11
Deswarque
0
0
Comments
sign in to comment!
No comments posted yet!